 Dungeon Crawl Stone Soup version 0.18.1-8-gdd0e5ea (webtiles) character file.

53 Gnarff the Insei (level 3, 23/23 HPs)
             Began as an Octopode Transmuter on June 3, 2016.
             Got out of the dungeon alive.
             The game lasted 00:27:33 (1262 turns).

Gnarff the Insei (Octopode Transmuter)              Turns: 1262, Time: 00:27:33

Health: 23/23      AC:  1    Str: 10    XL:     3   Next: 87%
Magic:  6/6        EV: 12    Int: 15    God:
Gold:   162        SH:  0    Dex: 12    Spells: 3 memorised, 0 levels left

rFire  . . .     SeeInvis .     d - +2 dagger (holy)
rCold  . . .     Gourm    .     (no shield)
rNeg   . . .     Faith    .     (helmet restricted)
rPois  .         Spirit   .     (no amulet)
rElec  .         Dismiss  .     (no ring)
rCorr  .         Reflect  .     (no ring)
SustAt .         Harm     .     (no ring)
MR     .....                    (no ring)
Stlth  ++........               (no ring)
                                (no ring)
                                (no ring)
                                (no ring)

@: not resistant to hostile enchantments, unstealthy
A: almost no armour, amphibious, 8 rings, constrict 8, camouflage 1, gelatinous
body 1
a: no special abilities


You escaped.
You were not hungry.

You visited 1 branch of the dungeon, and saw 2 of its levels.

You collected 162 gold pieces.

Inventory:

Hand Weapons
 d - a +2 dagger of holy wrath (weapon)
Missiles
 a - 39 arrows
Jewellery
 e - an uncursed ring of stealth
 f - an uncursed ring of see invisible {unknown}
 g - an uncursed amulet of the gourmand {unknown}
Scrolls
 l - 2 scrolls of teleportation
 m - a scroll of identify
Potions
 i - a potion of lignification {unknown}
 j - a potion of beneficial mutation {unknown}
 k - a potion of curing
 p - a potion of haste {unknown}
Books
 b - a book of Changes

   Spells                             Type                      Level
   a - Beastly Appendage              Transmutation                1
   b - Sticks to Snakes               Transmutation                2
   c - Spider Form                    Transmutation/Poison         3
   d - Ice Form                       Ice/Transmutation            4
   e - Blade Hands                    Transmutation                5
Comestibles
 c - a bread ration
 h - a meat ration


   Skills:
 + Level 1.2 Fighting
 + Level 2.4 Dodging
 + Level 0.4 Stealth
 + Level 3.7 Unarmed Combat
 + Level 2.2 Spellcasting
 + Level 2.5 Transmutations


You couldn't memorise any spells.
You knew the following spells:

 Your Spells              Type           Power        Failure   Level  Hunger
a - Beastly Appendage     Trmt           #.....       10%         1    #......
b - Sticks to Snakes      Trmt           #.......     12%         2    ###....
c - Spider Form           Trmt/Pois      #.........   43%         3    ###....


Dungeon Overview and Level Annotations

Branches:
Dungeon (2/15)

Altars:


Innate Abilities, Weirdness & Mutations

You cannot wear most types of armour.
You are amphibious.
You can wear up to eight rings at the same time.
You can use your tentacles to constrict eight enemies at once.
Your skin changes colour to match your surroundings (Stealth).
Your rubbery body absorbs attacks (AC +1).


Message History

You kill the bat!
m - 2 scrolls labeled XAYP GUATI Read which item? (? for menu, Esc to quit)
As you read the scroll labeled XAYP GUATI, it crumbles to dust.
It is a scroll of identify.
Identify which item? (\ to view known items) (? for menu, Esc to quit)
e - an uncursed ring of stealth Wield which item (- for none, * to show all)? (? for menu, Esc to quit)
You can't wield jewellery.
There is a stone staircase leading up here.
You can't go down here!
You climb upwards.
There is a stone staircase leading down here.
There is a staircase leading out of the dungeon here.
Are you sure you want to leave the Dungeon?
This will make you lose the game!
Uppercase [Y]es or [N]o only, please.
Are you sure you want to leave the Dungeon?
This will make you lose the game!
Uppercase [Y]es or [N]o only, please.
Are you sure you want to leave the Dungeon?
This will make you lose the game!
You have escaped!

#....##########.##########..(#
##...##.................###..###
#...#.#.......#.......#.##(...#
#...#..#.......#.....#..##)##.#
#...#...#...#...#...#...#..##.#
#######....#...#...#.#....##.....
......#.....#.#.#...#.....##.#...
..#####......#...#...#....##.....
...####...#.#...@.#...#..........
##.#.......#.....#...#^#..#..##.#
......#.....#...#...#.....#......
#...(.#.....##.....##.....#......
###...#....#..#...#..#....#......
# #...#...#....#.#....#...#......
####.##..#......#......#..#......
.# #..#.#......#........#.##..###
.####.##.................###..##.


There were no monsters in sight!

Vanquished Creatures
  2 adders (D:2)
  A dart slug (D:1)
  A giant gecko (D:2)
  A ball python (D:1)
  8 bats
  3 goblins (D:1)
  A hobgoblin (D:1)
  4 jackals (D:1)
  5 kobolds
  A giant newt (D:1)
  5 rats
32 creatures vanquished.

Vanquished Creatures (collateral kills)
  A goblin (D:1)
1 creature vanquished.

Grand Total: 33 creatures vanquished

Notes
Turn   | Place    | Note
--------------------------------------------------------------
     0 | D:1      | Gnarff the Octopode Transmuter began the quest for the Orb.
     0 | D:1      | Reached XP level 1. HP: 13/13 MP: 3/3
    24 | D:1      | Reached XP level 2. HP: 6/18 MP: 3/5
    70 | D:1      | Learned a level 2 spell: Sticks to Snakes
   393 | D:1      | Reached XP level 3. HP: 8/23 MP: 6/6
   604 | D:1      | Learned a level 3 spell: Spider Form
  1262 | D:$      | Got out of the dungeon alive.

Action                   || total
-------------------------++-------
Melee: Unarmed           ||    54
       Constrict         ||    21
       Tentacles         ||    14
       Kick              ||     7
       Dagger            ||    15
 Cast: Beastly Appendage ||     5
       Sticks to Snakes  ||     1
  Use: Potion            ||     3
       Scroll            ||     2
 Stab: Sleeping          ||     3
  Eat: Fruit             ||     2
Armor: Skin              ||    11
Dodge: Dodged            ||    46
